 Dungeon Crawl Stone Soup version 0.29-a0-322-g68df515428 (webtiles) character file.

Game seed: 2498852709192216393

57 GigaChad the Grasshopper (level 3, -12/35 HPs)
             Began as a Troll Warper on Apr 6, 2022.
             Was a Follower of Makhleb.
             Mangled by an ogre
             ... wielding a +0 giant club
              (28 damage)
             ... on level 3 of the Dungeon.
             The game lasted 00:10:45 (2214 turns).

GigaChad the Grasshopper (Troll Warper)             Turns: 2214, Time: 00:10:45

Health: -12/35     AC:  4    Str: 19    XL:     3   Next: 73%
Magic:  4/4        EV: 10    Int:  9    God:    Makhleb [*.....]
Gold:   180        SH:  0    Dex: 11    Spells: 4/4 levels left

rFire   . . .      SeeInvis .   z - +2 arbalest (flame)
rCold   . . .      Faith    .   (shield currently unavailable)
rNeg    . . .      Spirit   .   a - +0 robe
rPois   +          Reflect  .   (helmet restricted)
rElec   .          Harm     .   (no cloak)
rCorr   .          Rampage  .   (gloves unavailable)
Will    .....                   (boots unavailable)
Stlth   +.........              k - amulet of regeneration
HPRegen 1.71/turn               i - ring of poison resistance
MPRegen 0.09/turn               (no ring)

@: no status effects
A: large, unfitting armour, claws 3, regeneration 1, shaggy fur 1, tough skin 1
a: Renounce Religion


You were on level 3 of the Dungeon.
You worshipped Makhleb.
Makhleb was aware of your devotion.
You visited 1 branch of the dungeon, and saw 3 of its levels.

You collected 180 gold pieces.

Inventory:

Hand Weapons
 e - a +2 vampiric hand axe
 z - a +2 arbalest of flaming (weapon)
Missiles
 c - 7 boomerangs of dispersal
 u - 4 boomerangs
 w - 3 javelins
Armour
 a - a +0 robe (worn)
 d - a +0 scale mail
 l - a +0 chain mail
 m - a +1 barding
 q - a +2 pair of gloves
Jewellery
 i - a ring of poison resistance (left claw)
 k - an amulet of regeneration (around neck)
Scrolls
 b - 2 scrolls of blinking
 r - a scroll of fog
Potions
 f - a potion of might {unknown}
 h - a potion of attraction {unknown}
 j - a potion of magic {unknown}
 o - 2 potions of brilliance {unknown}
 p - a potion of degeneration {unknown}
 s - a potion of ambrosia {unknown}


   Skills:
 + Level 1.9 Fighting
 + Level 0.5 Axes
 + Level 0.8 Throwing
 + Level 2.3 Dodging
 + Level 0.1 Stealth
 + Level 2.5 Unarmed Combat
 + Level 1.3 Spellcasting
 + Level 2.5 Translocations


You had 4 spell levels left.
You didn't know any spells.
Your spell library contained the following spells:

 Spells                   Type           Power      Damage    Failure   Level
 Blink                    Tloc           10%        N/A       19%         2
 Freeze                   Ice            0%         1d3       34%         1
 Summon Small Mammal      Summ           0%         N/A       34%         1
 Gell's Gravitas          Tloc           5%         N/A       36%         3
 Lesser Beckoning         Tloc           5%         N/A       36%         3
 Teleport Other           Tloc           5%         N/A       36%         3
 Call Canine Familiar     Summ           0%         N/A       71%         3
 Frozen Ramparts          Ice            0%         1d2       71%         3
 Summon Guardian Golem    Hex/Summ       0%         N/A       71%         3
 Hailstorm                Conj/Ice       0%         3d3       98%         4
 Manifold Assault         Tloc           5%         N/A       98%         5


Dungeon Overview and Level Annotations

Branches:
Dungeon (3/15)

Altars:
Makhleb

Shops:
D:1 :


Innate Abilities, Weirdness & Mutations

You are too large for most types of armour.
You have claws for hands.
Your natural rate of healing is unusually fast.
You are covered in fur. (AC +1)
You have tough skin. (AC +1)


Message History

Makhleb accepts your kill.
You hear the rusting of a very distant drain.
An endoplasm comes into view.
You shoot a bolt. The bolt hits the endoplasm.
The bolt burns the endoplasm.
You kill the endoplasm!
Makhleb accepts your kill.
Found a quarterstaff.
Found 6 gold pieces.
A giant cockroach comes into view.
You see here 6 gold pieces.
The giant cockroach bites you but does no damage.
Really attack while wielding your +2 arbalest of flaming? [Y]es or [N]o only, please.
Really attack while wielding your +2 arbalest of flaming?
Okay, then.
You shoot a bolt. The bolt hits the giant cockroach!
The bolt burns the giant cockroach.
You kill the giant cockroach!
Makhleb accepts your kill.
You now have 180 gold pieces (gained 6).
You see here a giant cockroach corpse.
An ogre comes into view. It is wielding a +0 giant club.
The ogre shouts!
A hobgoblin comes into view.
You shoot a bolt. The bolt hits the ogre!
The bolt burns the ogre.
The ogre is severely wounded.
The ogre misses you.
You shoot a bolt. The bolt hits the ogre.
The bolt burns the ogre.
The ogre is severely wounded.
The ogre hits you with a +0 giant club!!
Ouch! That really hurt!
* * * LOW HITPOINT WARNING * * *
You are too injured to fight recklessly!
You are too injured to fight recklessly!
As you read the scroll of fog, it crumbles to dust.
The scroll dissolves into smoke.
You hear the brisk rusting of a distant drain.
The ogre hits you with a +0 giant club!!
Ouch! That really hurt!
You die...

## ### #. ..# ### #.# #.#
.....#§####### ##.#### ###
....g.§§§§gO§# #..... ....
###...§#####@# #...# ....
#######....## #§#####...####..#
#....<......# #§§.............#
#..####...#..................###
#..# #...#########..........#
#..# #...# ####.....###
#..####...# #...#.# ..........#
#####...#.###
........#.########.>.........#


You could see an ogre and a hobgoblin.

Vanquished Creatures
  An adder (D:3)
  2 worms (D:2)
  2 dart slugs
  A ball python (D:1)
  2 bats
  6 endoplasms
  5 giant cockroaches
  A goblin (D:2)
  3 hobgoblins
  2 kobolds
  3 quokkas
  A frilled lizard (D:1)
  5 rats
34 creatures vanquished.

Notes
Turn   | Place    | Note
-------+----------+-------------------------------------------
     0 | D:1      | GigaChad the Troll Warper began the quest for the Orb.
     0 | D:1      | Reached XP level 1. HP: 19/19 MP: 1/1
   229 | D:1      | Found Idarut's Book Shop.
   421 | D:1      | Reached XP level 2. HP: 28/28 MP: 3/3
  1167 | D:2      | Reached XP level 3. HP: 32/35 MP: 4/4
  1427 | D:2      | Found a faded altar of an unknown god.
  1436 | D:2      | Prayed at the altar of an unknown god.
  1436 | D:2      | Became a worshipper of Makhleb the Destroyer
  1436 | D:2      | Reached * piety under Makhleb
  1986 | D:3      | Identified a scroll of acquirement
  1986 | D:3      | Acquired a +0 arbalest of flaming
  2203 | D:3      | Noticed an ogre
  2214 | D:3      | Mangled by an ogre

Illustrated notes

Levels and vault maps discovered:
D:1:      dpeg_arrival_central, layout_basic, serial_shops, shop,
          supply_closet_lemuel, nrook_mini_backslash
D:2:      layout_loops_ring, hellmonk_ecumenical_altar_zigzags,
          minmay_joined_circles
D:3:      layout_loops_ring, cheibrodos_sewer_entry_bend,
          chequers_serial_rivers_micro_e, minmay_quantized

Skill      XL: |  1 |
---------------+----+-----
Dodging        | 2 |  2.3
Fighting       | |  1.9
Axes           | |  0.5
Throwing       | |  0.8
Stealth        | |  0.1
Unarmed Combat | |  2.5
Spellcasting   | |  1.3
Translocations | |  2.5

Action                   || total
-------------------------++-------
Melee: Hand axe          ||    31
       Unarmed           ||    59
 Fire: Arbalest          ||     7
  Use: Scroll            ||    10
Armor: Robe              ||    37
Dodge: Dodged            ||    49

Table legend: (Time is in decaauts)
 A = Elapsed time spent in this place.
 B = Non-inter-level travel time spent in this place.
 C = Inter-level travel time spent in this place.
 D = Time resting spent in this place.
 E = Time spent auto-exploring this place.
 F = Levels seen in this place.
 G = Mean time per level.
                   A        B        C        D        E       F      G
               +--------+--------+--------+--------+--------+-----+--------+
         Total |   2224 |   2221 |      3 |      0 |    847 |   3 |  741.3 |
       Dungeon |   2224 |   2221 |      3 |      0 |    847 |   3 |  741.3 |
               +--------+--------+--------+--------+--------+-----+--------+

Top non-repeatable levels by time:
     D:1: 1019 daAuts
     D:2: 850 daAuts
     D:3: 354 daAuts
